AoeStats
← ROYAL PIGGY

Oasis

508647820Analyzed
4v4 RM · 10d ago on Sep 23, 2026· 60m 11s· 8 players
Game mode
Random Map
Map size
Large (8 player)
Population
200
Speed
Normal
Resources
Standard
Victory
Conquest
Starting age
Dark Age
Ending age
Imperial Age
RankedLock teamsTeams togetherTeam positionsShared explorationLock speedFull tech treeHidden civsTurbo modeCheats
Victory
Defeat
🇨🇳 Franks · China
1512
+13
🇨🇳 Saxons · China
1461
+15
🇺🇸 Persians · United States
1393
+18
🇨🇳 Britons · China
1350
+20
🇨🇳 Lithuanians · China
1556
-20
🇨🇳 Danes · China
1497
-19
🇨🇳 Saxons · China
1369
-14
🇨🇳 Saxons · China
1348
-13
致远Deepgame
9:02 Feudal Age
9:59 Double-Bit Axe
15:51 Loom
16:50 Scale Barding Armor
21:03 Castle Age
19:43 Forging
19:29 Gold Mining
22:06 Chain Barding Armor
23:45 Bow Saw
24:08 Husbandry
24:45 Iron Casting
33:32 Wheelbarrow
36:24 Imperial Age
34:31 Hand Cart
36:15 Gold Shaft Mining
36:18 Town Watch
36:39 Cavalier
37:55 Plate Barding Armor
38:21 Blast Furnace
38:53 Conscription
39:22 Paladin
42:51 Coinage
42:42 Fletching
43:01 Siege Engineers
44:16 Banking
46:14 Ballistics
46:54 Chemistry
45:51 Bodkin Arrow
46:13 Town Patrol
47:05 Caravan
47:24 Stone Mining
49:14 Chivalry
52:13 Capped Ram
ROYAL PIGGY
6:27 Loom
9:29 Feudal Age
12:26 Double-Bit Axe
16:44 Fletching
17:54 Wheelbarrow
17:12 Gold Mining
17:41 Horse Collar
19:22 Town Watch
23:30 Padded Archer Armor
26:32 Castle Age
27:19 Crossbowman
27:55 Bodkin Arrow
35:34 Leather Archer Armor
36:39 Thumb Ring
37:37 Stone Mining
37:58 Bow Saw
39:30 Hand Cart
40:45 Ballistics
45:19 Imperial Age
43:12 Heavy Plow
43:49 Gold Shaft Mining
45:37 Caravan
45:45 Squires
45:47 Scale Mail Armor
45:58 Forging
45:17 Pikeman
45:22 Cranequins
46:34 Guilds
45:47 Heavy Mounted Crossbowman
48:48 Two-Man Saw
48:01 Bracer
49:03 Conscription
50:08 Chemistry
51:37 Hoardings
51:59 Ring Archer Armor
58:10 Chain Mail Armor
58:31 Iron Casting
58:02 Guard Tower
57:58 Arrowslits
58:05 Arrowslits
Fs.Caboclo
7:00 Loom
9:14 Feudal Age
10:45 Double-Bit Axe
18:01 Forging
20:50 Wheelbarrow
23:35 Castle Age
22:23 Scale Barding Armor
22:31 Bloodlines
28:51 Husbandry
28:12 Light Cavalry
29:16 Bow Saw
28:48 Horse Collar
29:00 Gold Mining
33:03 Chain Barding Armor
34:15 Heavy Plow
37:10 Iron Casting
38:16 Gold Shaft Mining
40:34 Imperial Age
38:56 Stone Mining
41:03 Hand Cart
41:29 Plate Barding Armor
40:17 Cavalier
42:32 Blast Furnace
43:19 Savar
44:29 Conscription
47:05 Caravan
49:43 Coinage
50:40 Kamandaran
50:32 Fletching
50:08 Crossbowman
50:54 Thumb Ring
50:19 Hussar
50:20 Hussar
50:20 Hussar
54:57 Banking
57:11 Chemistry
56:32 Ballistics
55:52 Capped Ram
57:45 Two-Man Saw
崽仔
5:54 Loom
11:45 Feudal Age
18:39 Double-Bit Axe
29:56 Horse Collar
35:19 Castle Age
34:04 Fletching
36:36 Bow Saw
36:32 Heavy Plow
36:37 Bodkin Arrow
38:22 Crossbowman
40:49 Padded Archer Armor
42:00 Gold Mining
44:07 Leather Archer Armor
45:25 Wheelbarrow
45:53 Ballistics
46:40 Gold Shaft Mining
50:05 Imperial Age
48:48 Hand Cart
51:49 Chemistry
51:19 Bracer
51:49 Ring Archer Armor
50:59 Arbalester
53:18 Ring Archer Armor
54:49 Guilds
55:28 Coinage
55:56 Conscription
56:08 Yeomen
55:29 Elite Skirmisher
SaKuRuaba Ema
8:51 Feudal Age
10:12 Double-Bit Axe
13:10 Wheelbarrow
12:37 Horse Collar
16:46 Bloodlines
17:31 Scale Barding Armor
17:37 Forging
21:17 Castle Age
21:26 Light Cavalry
22:07 Husbandry
22:38 Bow Saw
22:29 Heavy Plow
23:48 Hand Cart
26:56 Gold Mining
29:21 Loom
29:21 Town Watch
31:11 Gold Shaft Mining
30:28 Stone Mining
32:13 Caravan
34:25 Stone Shaft Mining
34:36 Coinage
34:11 Scale Mail Armor
34:47 Iron Casting
34:39 Squires
34:24 Arson
35:48 Chain Mail Armor
35:30 Gambesons
38:28 Imperial Age
35:37 Hamask
38:33 Onager
39:22 Siege Engineers
39:03 Northmen's Fury
40:04 Conscription
40:46 Banking
40:00 Heavy Scorpion
40:04 Siege Onager
41:45 Plate Mail Armor
42:16 Blast Furnace
43:11 Chemistry
42:31 Ballistics
42:07 Murder Holes
42:23 Masonry
42:51 Town Patrol
43:20 Conscription
43:35 Hoardings
43:22 Guard Tower
44:59 Banking
45:23 Chain Barding Armor
45:12 Elite Varangian Guard
49:28 Elite Jomsviking
50:45 Plate Barding Armor
59:52 Keep
59:10 Fletching
初中王
6:18 Loom
8:55 Feudal Age
10:54 Man-at-Arms
20:14 Fletching
24:58 Castle Age
23:15 Horse Collar
25:01 Crossbowman
25:37 Bodkin Arrow
27:45 Double-Bit Axe
31:03 Wheelbarrow
33:52 Heavy Plow
36:51 Scale Mail Armor
40:49 Hand Cart
43:49 Imperial Age
41:53 Forging
42:34 Bow Saw
43:02 Chain Mail Armor
43:01 Caravan
43:29 Stone Mining
43:30 Gold Mining
44:07 Town Watch
43:55 Shield Wall
43:58 Clerical Recruitment
46:17 Fortified Wall
47:08 Chemistry
46:10 Bracer
46:43 Plate Mail Armor
45:53 Elite Hearth Troop
46:54 Conscription
47:29 Iron Casting
47:34 Gold Shaft Mining
48:19 Block Printing
48:34 Illumination
48:32 Sanctity
48:33 Heresy
48:48 Theocracy
50:44 Elite Varangian Guard
51:09 Gambesons
50:44 Elite Varangian Guard
51:25 Squires
51:10 Arson
55:53 Two-Man Saw
57:20 Guard Tower
57:15 Arrowslits
57:51 Ballistics
57:38 Siege Engineers
57:44 Masonry
57:29 Murder Holes
57:15 Treadmill Crane
58:57 Keep
59:28 Crop Rotation
59:43 Keep
59:04 Murder Holes
58:49 Treadmill Crane
59:26 Treadmill Crane
59:41 Murder Holes
快乐的菜鸟
10:55 Feudal Age
10:44 Loom
15:21 Castle Age
13:09 Double-Bit Axe
14:40 Scale Barding Armor
18:04 Horse Collar
18:36 Bow Saw
21:10 Wheelbarrow
21:31 Husbandry
22:27 Gold Mining
23:34 Chain Barding Armor
24:14 Forging
27:05 Gold Shaft Mining
27:02 Hand Cart
28:01 Bloodlines
34:40 Imperial Age
32:55 Town Watch
33:13 Gambesons
33:28 Squires
33:14 Arson
33:30 Scale Mail Armor
34:05 Iron Casting
35:12 Chain Mail Armor
35:06 Elite Varangian Guard
36:49 Two-Man Saw
35:50 Heavy Plow
35:41 Stone Mining
36:16 Caravan
37:28 Coinage
36:44 Pikeman
37:23 Halberdier
38:35 Plate Mail Armor
39:17 Banking
38:57 Guilds
38:32 Treadmill Crane
39:25 Fortified Wall
44:56 Chemistry
44:22 Shield Wall
45:23 Conscription
45:46 Crop Rotation
46:34 Fletching
46:45 Padded Archer Armor
48:34 Hoardings
49:24 Heavy Scorpion
50:14 Siege Engineers
50:50 Bodkin Arrow
50:18 Clerical Recruitment
52:21 Town Patrol
53:39 Guard Tower
53:34 Arrowslits
53:51 Bracer
55:07 Keep
55:50 Ballistics
55:41 Masonry
58:45 Architecture
钓鱼佬
5:27 Loom
9:51 Feudal Age
9:55 Man-at-Arms
16:17 Double-Bit Axe
24:52 Castle Age
22:48 Horse Collar
23:41 Scale Barding Armor
24:24 Forging
24:46 Bloodlines
26:59 Chain Barding Armor
29:31 Fervor
31:45 Bow Saw
32:23 Iron Casting
34:03 Wheelbarrow
35:14 Hand Cart
35:04 Heavy Plow
36:19 Gold Mining
36:21 Stone Mining
36:36 Town Watch
38:50 Caravan
40:20 Town Patrol
43:10 Imperial Age
44:20 Stone Shaft Mining
43:51 Husbandry
43:12 Cavalier
44:30 Plate Barding Armor
45:25 Hoardings
45:05 Paladin
46:32 Conscription
50:34 Ballistics
51:15 Chemistry
58:26 Hoardings
59:01 Guilds
60:34 Bombard Tower
Connection lost

Rejoining the realm…

Still unreachable

The connection could not be restored.

Session expired

The server has moved on; the page needs a fresh start.